 Dungeon Crawl Stone Soup version 0.31.0-11-ge490571c62 (webtiles) character file.

Game seed: 16867689690445505629

69 qw the Shooter (level 4, -4/25 HPs)
             Began as a Deep Elf Hunter on Feb 4, 2024.
             Slain by Natasha (5 damage)
             ... on level 2 of the Dungeon.
             The game lasted 00:00:04 (851 turns).

qw the Shooter (Deep Elf Hunter)                     Turns: 851, Time: 00:00:04

Health: -4/25      AC:  6    Str: 10      XL:     4   Next: 2%
Magic:  6/6        EV: 12    Int: 13 (14) God:
Gold:   101        SH:  0    Dex: 17 (18) Spells: 3/3 levels left

rFire   . . .        a - +0 shortbow
rCold   . . .        (shield currently unavailable)
rNeg    . . .        c - +0 leather armour
rPois   .            (no helmet)
rElec   .            (no cloak)
rCorr   .            (no gloves)
SInv    .            i - +2 pair of boots
Will    .....        (no amulet)
Stlth   ++           (no ring)
HPRegen 0.24/turn    (no ring)
MPRegen 0.10/turn

%: no passive effects
@: slowed, very slow
A: no striking features
a: no special abilities


You were on level 2 of the Dungeon.
You visited 1 branch of the dungeon, and saw 2 of its levels.

You collected 101 gold pieces.


   Skills:
 - Level 1.5 Fighting
 + Level 7.4 Ranged Weapons
 - Level 2.4 Dodging
 - Level 1.2 Stealth


You had 3 spell levels left.
You didn't know any spells.
Your spell library was empty.

Inventory:

Hand Weapons
 a - a +0 shortbow (weapon)
Armour
 c - a +0 leather armour (worn)
 g - a +0 ring mail
 i - a +2 pair of boots (worn)
Scrolls
 b - a scroll of poison {unknown}
 d - a scroll of identify
 h - a scroll of amnesia {unknown}
 j - a scroll of teleportation {unknown}
Potions
 e - a potion of lignification {unknown}
 f - a potion of enlightenment

Dungeon Overview and Level Annotations

Branches:
Dungeon (2/15)

Altars:

Annotations:
D:2 Natasha


Message History

The endoplasm barely misses you. The ribbon worm bites you.
You shoot an arrow. The arrow hits the ribbon worm!
You kill the ribbon worm!
The endoplasm barely misses you.
You have reached level 4!
You feel clever.
You shoot an arrow.
The arrow hits the endoplasm but does no damage.
The endoplasm jiggles.
The endoplasm hits you but does no damage.
You shoot an arrow. The arrow hits Natasha!
Natasha is heavily wounded.
The endoplasm freezes you.
You are frozen.
Natasha stares at you and mumbles some strange words.
You feel yourself slow down. The endoplasm barely misses you.
You shoot an arrow.
The arrow hits Natasha but does no damage.
Natasha is heavily wounded.
Natasha closely misses you. The endoplasm barely misses you.
Natasha completely misses you.
You shoot an arrow. The arrow barely misses Natasha.
The endoplasm hits you. Natasha claws you but does no damage.
The endoplasm hits you but does no damage.
You shoot an arrow. The arrow hits Natasha.
Natasha is severely wounded.
Natasha claws you but does no damage.
The endoplasm hits you but does no damage.
Natasha claws you.
You shoot an arrow. The arrow closely misses Natasha.
The endoplasm hits you but does no damage.
Natasha claws you. The endoplasm barely misses you. Natasha claws you.
You shoot an arrow.
The arrow hits Natasha but does no damage.
Natasha is severely wounded.
The endoplasm freezes you.
You are frozen.
Natasha claws you. The endoplasm closely misses you.
You shoot an arrow. The arrow barely misses Natasha.
Natasha claws you.
You die...
Natasha curls up and begins to purr.

#... ### # ... ..#
.. ..##.# .7.
..#.# .... ...#
.....7..# #######
..<...hJ# ......##
#@# .......## ##.#
........# ###..#
####....# #....#
#....# #....#
####....#####....#
............%.>..#
####....#.###....#
...'....#.# #....#


You could see Natasha and an endoplasm.

Vanquished Creatures
  3 adders (D:2)
  2 ribbon worms (D:2)
  3 bats
  5 endoplasms
  2 goblins
  5 hobgoblins
  3 kobolds
  A quokka (D:2)
  7 ball pythons
  2 frilled lizards
  4 rats
37 creatures vanquished.

Notes
Turn   | Place    | Note
-------+----------+-------------------------------------------
     0 | D:1      | qw the Deep Elf Hunter began the quest for the Orb.
     0 | D:1      | Reached XP level 1. HP: 12/12 MP: 3/3
     0 | D:1      | 0 ||| qw: Version: 0.3-a-160-g6735b56
     0 | D:1      | 0 ||| qw: Game counter: 5175
     0 | D:1      | 0 ||| qw: Melee chars always use a shield: true
     0 | D:1      | 0 ||| qw: God list: Okawaru
     0 | D:1      | 0 ||| qw: Allow faded altars: false
     0 | D:1      | 0 ||| qw: Do Orc after clearing Dungeon:15 true
     0 | D:1      | 0 ||| qw: Do second Lair branch before Depths: true
     0 | D:1      | 0 ||| qw: Lair rune preference: random
     0 | D:1      | 0 ||| qw: Goals: Normal
     0 | D:1      | 0 ||| PLANNING D:1-11
    57 | D:1      | Reached XP level 2. HP: 16/16 MP: 4/4
    63 | D:1      | Reached skill level 6 in Ranged Weapons
   471 | D:1      | 471 ||| UPGRADING to +0 pair of boots.
   476 | D:1      | 476 ||| READING scroll labelled HOYZUE OPIYZULERO.
   577 | D:1      | 577 ||| READING scroll labelled URIGOO WEITIRE.
   577 | D:1      | 577 ||| IDENTIFYING fuming clear potion
   578 | D:1      | 578 ||| READING 2 scrolls labelled YXZERA OGAZU.
   578 | D:1      | 578 ||| ENCHANTING +0 pair of boots.
   579 | D:1      | 579 ||| READING scroll of enchant armour.
   579 | D:1      | 579 ||| ENCHANTING +1 pair of boots.
   580 | D:1      | 580 ||| READING scroll labelled LUQER QOSEO.
   581 | D:1      | 581 ||| DRINKING 2 inky potions.
   582 | D:1      | 582 ||| DRINKING 2 amethyst potions.
   583 | D:1      | 583 ||| DROPPING scroll of butterflies.
   584 | D:1      | 584 ||| DROPPING potion of invisibility.
   585 | D:1      | 585 ||| DROPPING potion of degeneration.
   671 | D:2      | Reached XP level 3. HP: 20/20 MP: 5/5
   778 | D:2      | Reached skill level 7 in Ranged Weapons
   798 | D:2      | 798 ||| FLEEEEING.
   800 | D:2      | 800 ||| FLEEEEING.
   801 | D:2      | 801 ||| FLEEEEING.
   802 | D:2      | 802 ||| FLEEEEING.
   803 | D:2      | 803 ||| FLEEEEING.
   805 | D:2      | 805 ||| FLEEEEING.
   806 | D:2      | 806 ||| FLEEEEING.
   833 | D:2      | Noticed Natasha
   844 | D:2      | Reached XP level 4. HP: 17/25 MP: 6/6
   850 | D:2      | HP: 6/25 [frozen (2)]
   850 | D:2      | HP: 1/25 [Natasha (5)]
   851 | D:2      | Slain by Natasha

Levels and vault maps discovered:
D:1:      orjb1_clovarrival, layout_rooms, roderic_st_hans_cross
D:2:      layout_basic, kennysheep_big_empty_room, grunt_ministairs_9,
          uniq_natasha

Skill      XL: |  1  2  3 |
---------------+----------+-----
Ranged Weapons | 6 7 |  7.4
Fighting       | |  1.5
Dodging        | |  2.4
Stealth        | |  1.2

Action                     |  1- 3 |  4- 6 || total
---------------------------+-------+-------++-------
   Fire: Shortbow          |   104 |     8 ||   112
    Use: Scroll            |     5 |       ||     5
         Potion            |     2 |       ||     2
 Armour: Leather armour    |    17 |    12 ||    29
  Dodge: Dodged            |    25 |     6 ||    31

Table legend:
 A = Non-vault XP
 B = Vault XP
 C = Vault XP percentage of total XP
 D = Non-vault monster count
 E = Vault monster count
 F = Vault count percentage of total count
                 A         B        C        D         E       F
            +---------+---------+-------+---------+---------+-------
      Total |      97 |       2 |   2.0 |      36 |       1 |   2.7
            +---------+---------+-------+---------+---------+-------
        D:1 |      29 |       0 |   0.0 |      18 |       0 |   0.0
        D:2 |      68 |       2 |   2.9 |      18 |       1 |   5.3
            +---------+---------+-------+---------+---------+-------
